← All builds
Air / Cortex / Economy first / OBSERVED BUILD

Standard air

Cortex Air build order · Supreme Isthmus

Economy-first air build: Aircraft Plant then Advanced Metal Extractor and Fusion Reactor, making transports and scouts for allies while transitioning into fighters and occasional bombers over the whole game.

Usually transports first (78%)

#eco #air #team support · 1506 distinct matches · 252 players · 81% of Cortex Air games · team won 46% of 1811 · Recently observed

HOW TO PLAY IT

Key timing: Aircraft Plant by 1:24

  1. Open 3 mex and wind, then drop Aircraft Plant early.
  2. Finish Aircraft Plant and start fighters for scouting and defense.
  3. Eat the Aircraft Plant once production needs outgrow it.
  4. Get Advanced Metal Extractor up to scale eco.
  5. Bring Fusion Reactor online and keep feeding transports, scouts, fighters to allies.

Phase by phase

TYPICAL OF ITS 1506 GAMES
  1. 1
  2. 2
  3. 3
PLAY THE OPENING

Follow the example game's first 6:00 step by step: what to build now, what comes next, and where it goes. At 1× it keeps pace with your own game.

  1. 1

    Up to the Aircraft Plant

    Economy
    • Metal Extractor3Mex
    • Wind Turbine4Wind
    Order
    1. Aircraft PlantAircraft Plant after 3 mex, 4 winddone ~1:26, middle half 1:14–1:35

    Some games also: energy storage (38%)

    By 1:07 in all: 3 mex · 4 wind

    The example game in this phase · 3 steps
    1. Mex ×3
    2. Wind ×6
    3. Aircraft PlantAircraft Plantdone 1:28 · typical 1:26
  2. 2

    Aircraft Plant to 5:00

    Economy
    • Metal Extractor1Mex
    • Wind Turbine9Wind
    • Wind Turbine3Wind
    Builders
    • Construction Turret2 Con turret
    • Construction Aircraft1 Con aircraft
    Army
    • Valiant5 Valiant
    • Hercules2 Light transport for allies
    • Finch2 Finch for allies
    • Finch1 Finch
    • Hephaestus1 Heavy transport for allies

    Some games also: shuriken (49%) · energy storage (45%) · converter (44%) · light transport (40%)

    By 5:00 in all: 3 mex · 1 mex · 13 wind · 3 wind · 1 energy storage · 2 con turret

    The example game in this phase · 24 steps
    1. FinchFinchfor Geo sea
    2. HerculesLight transportfor Geo sea
    3. Wind ×2
    4. HerculesLight transportfor Geo sea
    5. Wind
    6. ShurikenShuriken
    7. Wind ×2
    8. ShurikenShuriken
    9. Wind
    10. ShurikenShuriken
    11. Construction AircraftCon aircraft
    12. ValiantValiant ×5
    13. Con turret
    14. HerculesLight transportfor Tech
    15. Mex
    16. Wind ×3
    17. Energy storage
    18. HerculesLight transportfor Tech
    19. Wind
    20. Wind
    21. Wind
    22. Wind
    23. ValiantValiant
    24. Wind
  3. 3

    5:00 to 10:00

    Economy
    • Wind Turbine21Wind
    • Wind Turbine5Wind
    • Energy Converter6Converter
    Order
    1. Aircraft PlantEat Aircraft Plant
    2. Aircraft PlantAircraft Plant after 19 wind, 18 wind, 7 converterin 58% of games
    Builders
    • Construction Turret3 Con turret
    Army
    • Valiant9 Valiant

    Some games also: shuriken (47%) · fusion (38%) · con aircraft (35%) · light transport (31%)

    By 10:00 in all: 3 mex · 1 mex · 25 wind · 20 wind · 8 converter · 1 energy storage

    The example game in this phase · 134 steps
    1. Wind
    2. Wind ×2
    3. Con turret
    4. HerculesLight transportfor Pond
    5. Wind
    6. Con turret
    7. Converter
    8. ValiantValiant
    9. Wind
    10. Converter ×2
    11. ValiantValiant
    12. Converter
    13. ValiantValiant
    14. Wind
    15. Converter
    16. ValiantValiant
    17. HerculesLight transportfor Beach sea
    18. Converter
    19. Wind
    20. Converter
    21. Aircraft PlantEat Aircraft Plantreclaimed for its metal
    22. Advanced Metal ExtractorT2 mex ×3done 6:50 · typical 6:54
    23. Wind
    24. Advanced Metal ExtractorT2 mex
    25. Con turret
    26. Wind
    27. Con turret
    28. Fusion ReactorFusiondone 9:30 · typical 10:53
    29. Con turret ×2
    30. Wind
    31. Con turret
    32. Wind ×3
    33. Con turret ×3
    34. Wind
    35. Aircraft PlantAircraft Plantdone 9:52
    36. Con turret
    37. Wind
    38. ValiantValiant ×2
    39. Con turret
    40. Wind
    41. ValiantValiant ×2
    42. Wind
    43. ValiantValiant ×3
    44. Wind
    45. ValiantValiant ×2
    46. Wind
    47. ValiantValiant ×3
    48. Wind
    49. ValiantValiant
    50. FinchFinch ×2
    51. Wind
    52. FinchFinch ×3
    53. ValiantValiant ×5
    54. Wind
    55. ValiantValiant ×2
    56. Wind
    57. ValiantValiant ×2
    58. Wind
    59. ValiantValiant ×3
    60. Wind
    61. ValiantValiant ×3
    62. Wind
    63. ValiantValiant ×2
    64. Wind
    65. ValiantValiant ×3
    66. Wind
    67. ValiantValiant ×3
    68. Wind
    69. ValiantValiant ×3
    70. Wind
    71. ValiantValiant ×2
    72. Wind
    73. ValiantValiant ×3
    74. Wind
    75. ValiantValiant ×3
    76. Wind
    77. ValiantValiant ×2
    78. Wind
    79. ValiantValiant ×3
    80. Wind
    81. ValiantValiant ×2
    82. Wind
    83. ValiantValiant ×2
    84. Wind
    85. Fusion ReactorFusion
    86. ValiantValiant
    87. Wind
    88. Aircraft PlantEat Aircraft Plantreclaimed for its metal
    89. Wind ×3
    90. Converter
    91. Wind
    92. Converter
    93. Wind
    94. Converter ×2
    95. Wind
    96. Converter ×2
    97. Wind
    98. Converter
    99. Wind
    100. Converter
    101. Wind
    102. Converter ×2
    103. CitadelAnti-nukedone 14:17
    104. Converter ×5
    105. Wind
    106. Converter
    107. Wind
    108. Converter
    109. Wind
    110. Converter
    111. Wind
    112. Converter
    113. Wind
    114. Converter
    115. Wind
    116. Converter
    117. Wind
    118. Advanced Fusion ReactorAdvanced Fusion Reactornot finished by 15:00
    119. Con turret ×3
    120. Wind
    121. Con turret ×2
    122. Wind
    123. Con turret ×3
    124. Wind
    125. Con turret ×2
    126. Wind
    127. Con turret ×2
    128. Wind
    129. Con turret
    130. T2 converter
    131. Con turret
    132. Wind
    133. Con turret
    134. Wind

Counts are medians over the build's games: half of them build more, half fewer. The example game is Ecky9's (32 OS, 18/09/2026); pick another.

Team trades

IN AT LEAST 30% OF ITS GAMES

You hand over

  • Finch2 Finch to Geo sea or Beach seafirst at 1:50 · in 96% of games
  • Hercules3 Light transport to Tech or Geo sea or Beach seafirst at 2:06 · in 99% of games
  • Hephaestus1 Heavy transport to Beach sea or Pond or Techfirst at 2:23 · in 72% of games

You get

  • Wind Turbine3 Wind from Beach sea or Geo seafirst at 1:37 · in 64% of games
  • Wind Turbine3 Wind from Beach sea or Geo sea or Pondfirst at 1:42 · in 46% of games
  • Construction Bot1 Con bot from Techfirst at 2:23 · in 88% of games
  • Advanced Construction Bot1 T2 con bot from Techfirst at 6:05 · in 96% of games

How it plays out

Typical game of this build, running totals by minute

Metal produced

010k20k30k
0:005:0010:0015:00

metal

Enemy metal destroyed

01k2k
0:005:0010:0015:00

metal

Own metal lost

01k2k3k
0:005:0010:0015:00

metal

1811 games.

Show as table
ByMetal produced: This buildEnemy metal destroyed: This buildOwn metal lost: This build
1:0039200
2:0092300
3:00145600
4:002052051
5:0027635173
6:003707102124
7:005089146167
8:006902190219
9:009284230270
10:0011758292380
11:0014356369536
12:0017069512781
13:00198597811102
14:002270412641689
15:002573618132420
WHAT THE NUMBERS SAY

Standard air play wins less than half its games, with very low combat losses and kills since the role mostly supports rather than fights.

  • + Own metal lost stays very low, only 2701 by 15:00.
  • + Metal production reaches 25740 by 15:00, a strong support economy.
  • − Team wins under half of games (47%).
  • − Enemy metal destroyed stays low at 2097 by 15:00, showing little direct impact.
THE EXAMPLE YOU ARE READING

Ecky9

32.2 OS · 18/09/2026

Open source match ↗

7 received units · includes a constructor
552 metal received · 101804 energy received

Allied construction assistance is unknown. Timings are observations, not a promise of solo reproducibility.

Typical milestones

Aircraft Plant1:26Middle 50%: 1:14–1:35 · n=1811
Advanced Metal Extractor6:54Middle 50%: 6:27–7:26 · n=1751
Fusion Reactor10:53Middle 50%: 9:45–12:17 · n=1159

Played most by

TheGeneraI114games of this buildDad_The_Speedrunner72games of this buildHunfore62games of this buildDRM52games of this buildMilkdragon52games of this build